Cogmind - Beta 14 @@@ ROGUE MODE // 2024.11.27 @ 11:56:12 Player: Fangrelle Result: Destroyed by G-50 Soldier with Heavy Laser Performance ------------- Evolutions (4) 2000 Regions Visited (8) 1600 Robots Destroyed (203) 1015 Value Destroyed (6408) 6408 Prototype IDs (26) 520 Alien Tech Used (0) 0 Bonus (1340) 1340 TOTAL SCORE: 12883 Bonus ------- High Alert Combat Kills 516 Follower Combat Kills 393 Entered Garrisons 200 Registered with UFD 300 Friendly Fire -69 Cogmind --------- Core Integrity 0/850 Matter 258/300 Energy 160/160 System Corruption 10% Temperature Cool (9) Movement Rolling (140) Ox3 Location -6/Garrison Parts ------- > --- POWER (1) -------- Light Nuclear Core > --- PROPULSION (3) --- Armored Wheel Armored Huge Wheel > --- UTILITY (8) ------ Advanced Heat Sink Advanced Heat Sink Cargo Storage Unit Enhanced Optical Array Weapon Mount Makeshift Light Armor Plating > --- WEAPON (3) ------- (None) > --- INVENTORY (30) --- Light Nuclear Core Armored Wheel Armored Huge Wheel Matter Compressor (202) Deep Structural Scanner Enhanced Optical Array Enhanced Optical Array Microactuators Microactuators Stasis Canceller Relay Coupler [Proto] (99) A0-MCA's Component Scanner Recalibrator Cobbler Unit Advanced EMP Blaster Long-range Missile Launcher Long-range Missile Launcher Remote Datajack Plasma Cutter Piercing Trap Piercing Trap DRS Beacon (Ready) Botcube Peak State ------------ > --- POWER ------------ Fission Core > --- PROPULSION ------- Flexi-carbon Leg Arachnoskeleton > --- UTILITY ---------- Scrap Suit Huge Storage Unit Improved Melee Analysis Suite Improved System Shield Makeshift System Restoration Module Scrapoid Pod > --- WEAPON ----------- Improved Datajack Ripper Makeshift Axe > --- INVENTORY -------- Armored Treads Armored Treads Humpback Matter Compressor Deep Structural Scanner Hardlight Generator Authchip [Storage] Relay Coupler [Proto] A0-MCA's Component Scanner High-powered Tractor Beam Mapping Drone Bay Cobbler Unit Autobeam Autobeam Cooled Plasma Cannon Advanced EMP Blaster Remote Datajack Plasma Cutter Enhanced Flamer DRS Beacon Botcube [Rating: 85] Favorites ----------- Power Fission Core Engine Improved Ion Engine Power Core Fission Core Propulsion Armored Treads Treads Armored Treads Leg Makeshift Leg Wheel Armored Huge Wheel Hover Unit Aerolev Unit Flight Unit Cooled VTOL Module Utility Huge Storage Unit Device High-powered Tractor Beam Storage Huge Storage Unit Processor Improved Melee Analysis Suite Hackware Improved System Shield Protection Scrap Shield Weapon Makeshift Axe Energy Gun EM Shotgun Energy Cannon Cooled Plasma Cannon Ballistic Gun Minigun Ballistic Cannon Heavy Flak Cannon Launcher Missile Launcher Special Weapon Enhanced Flamer Slashing Weapon Makeshift Axe Special Melee Weapon Datajack Build | -11 -10 -10 -8 -8 -8 -8 -6 -6 ------- Run | Yrd Mat Sub Mat Sto Rec Scr Fac Gar Slots Evolved 8 | . . . 4 . . . 4 . Power . | . . . . . . . . . Propulsion 1 | . . . . . . . 1 . Utility 6 | . . . 3 . . . 3 . Weapon 1 | . . . 1 . . . . . Parts Attached 346 | . 18 41 90 64 13 22 62 36 Power 24 | . 2 2 3 4 . 2 6 5 Engine 15 | . 1 1 3 4 . . 3 3 Core 9 | . 1 1 . . . 2 3 2 Reactor . | . . . . . . . . . Propulsion 49 | . 4 7 8 9 . 7 8 6 Treads 31 | . 4 3 7 6 . 5 5 1 Leg 7 | . . 4 . . . . 2 1 Wheel 8 | . . . 1 . . 2 1 4 Hover 1 | . . . . 1 . . . . Flight 2 | . . . . 2 . . . . Utility 123 | . 5 12 32 21 4 11 28 10 Device 62 | . 1 4 18 14 3 2 14 6 Storage 13 | . 2 2 1 1 . 5 2 . Processor 7 | . . . 1 . . . 5 1 Hackware 4 | . . . 1 1 . . 2 . Protection 37 | . 2 6 11 5 1 4 5 3 Artifact . | . . . . . . . . . Weapon 150 | . 7 20 47 30 9 2 20 15 Energy Gun 41 | . 7 11 10 8 . . 2 3 Energy Cannon 9 | . . . 3 1 . . 3 2 Ballistic Gun 14 | . . 1 8 2 . . . 3 Ballistic Cannon 9 | . . . 3 1 . 1 3 1 Launcher 6 | . . . 2 1 . . . 3 Special Weapon 25 | . . 4 12 2 3 . 4 . Impact Weapon . | . . . . . . . . . Slashing Weapon 36 | . . 4 4 13 6 1 5 3 Piercing Weapon . | . . . . . . . . . Special Melee Weapon 10 | . . . 5 2 . . 3 . Unidentified Prototypes 13 | . 1 . 3 9 . . . . Parts Lost 49 | . . 6 5 . . . 23 15 Power 5 | . . 1 . . . . 2 2 Propulsion 7 | . . . 1 . . . 3 3 Utility 18 | . . 3 2 . . . 11 2 Weapon 19 | . . 2 2 . . . 7 8 Highest Loss Streak 9 | . . 3 2 . . . 4 9 To Critical Strikes 1 | . . . . . . . 1 . Average Slot Usage (%) 81 | . 99 86 87 92 90 68 69 65 Engine 5 | . . 11 9 9 9 . 1 3 Core 4 | . 13 2 . . . 8 4 . Treads 12 | . 28 6 16 17 18 11 8 2 Leg 4 | . . 21 1 . . . 2 . Wheel 1 | . . . . . . 3 . 6 Device 9 | . 2 2 16 20 19 5 12 13 Storage 8 | . 14 4 9 9 9 11 5 6 Protection 8 | . 11 9 8 6 7 10 5 4 Energy Gun 4 | . 27 11 2 . . . . 1 Ballistic Gun 1 | . . . 7 . . . . . Special Weapon 2 | . . 2 8 1 3 . . . Slashing Weapon 13 | . . 13 2 22 23 17 9 5 Peak Build Rating 85 | . 17 28 40 45 44 50 85 76 Average Rating 37 | . 15 20 36 40 42 41 64 59 On Entrance 28 | 6 6 16 27 36 43 44 39 36 Naked Turns . | . . . . . . . . . Heaviest Build 253 | 11 98 211 211 128 115 236 253 184 Greatest Support 70 | 20 40 40 42 42 40 40 70 40 Greatest Overweight (x) 84 | . 2 9 12 3 2 8 84 55 Average Overweight (x) 2 | . 1 . 2 2 2 5 3 6 Largest Inventory Capacity 35 | . 25 35 35 25 25 35 35 30 Average Capacity 25 | . 22 14 25 25 25 33 28 30 Most Carried 35 | . 25 35 35 25 25 35 35 30 Average Carried 24 | . 21 13 24 24 24 31 27 27 Final Capacity 35 | 8 25 35 25 25 25 35 30 30 Final Carried 35 | 6 25 35 25 25 25 35 27 25 Class Distribution -------------------- 34% | Hauler-Mutant 31% | Mutant 9% | Commander-Mutant 9% | Derelict-Mutant 5% | Tank 3% | Gladiator Dominant Class ---------------- Mutant | -10/Materials Mutant | -10/Subcaves Mutant | -8/Materials Commander-Mutant | -8/Storage Commander-Mutant | -8/Recycling Hauler-Mutant | -8/Scraptown Gladiator | -6/Factory Hauler-Mutant | -6/Garrison Resources | -11 -10 -10 -8 -8 -8 -8 -6 -6 ----------- Run | Yrd Mat Sub Mat Sto Rec Scr Fac Gar Matter Collected 14321 | 174 806 1997 3203 2528 956 789 2679 1189 Remotely 6453 | . . . 2417 1957 458 20 1601 . Salvage Created 8649 | . 1157 762 2080 1323 225 . 1990 1112 Parts 412 | . 80 49 93 56 9 . 89 36 Haulers Intercepted 13 | . 2 . 5 5 . . 1 . Recyclers Shooed 4 | . 1 . . 2 . . 1 . Parts Field Recycled . | . . . . . . . . . Retrieved Matter . | . . . . . . . . . Parts Self-Destructed 17 | . . 17 . . . . . . Prevented 1 | . . 1 . . . . . . Kills | -11 -10 -10 -8 -8 -8 -8 -6 -6 ------- Run | Yrd Mat Sub Mat Sto Rec Scr Fac Gar Combat Hostiles Destroyed 137 | . 19 18 39 13 2 . 29 17 Melee 30 | . . 4 . 5 1 . 18 2 Guns 50 | . 19 10 13 5 . . . 3 Cannons 30 | . . . 16 1 . . 8 5 AOE 11 | . . 1 4 . . . 1 5 Classes Destroyed 20 | . 8 3 7 . . . 2 . Worker 12 | . 3 . 5 4 . . . . Builder 2 | . . . . . . . 2 . Tunneler 4 | . 3 . 1 . . . . . Hauler 13 | . 2 . 5 5 . . 1 . Recycler 18 | . 2 . 4 8 1 . 3 . Mechanic 3 | . . . 2 . . . 1 . Operator 3 | . 1 . 1 1 . . . . Turret 2 | . . 2 . . . . . . Watcher 9 | . 3 . 4 2 . . . . Swarmer 24 | . 6 7 6 4 . . . 1 Grunt 54 | . 13 . 17 2 . . 11 11 Brawler 4 | . . . 2 . . . 1 1 Duelist 5 | . . . 1 . . . 2 2 Sentry 18 | . . . 8 7 1 . 2 . Specialist 2 | . . . 2 . . . . . Hunter 6 | . . . 2 . . . 2 2 Programmer 11 | . . . . . . . 11 . Heavy 1 | . . . 1 . . . . . Cobbler 2 | . . 2 . . . . . . Subdweller 11 | . . 11 . . . . . . Best Kill Streak 7 | . 7 4 5 3 1 . 4 7 Combat Bots Only 7 | . 5 4 4 2 1 . 4 7 Max Kills in Single Turn 2 | . 2 1 2 1 1 . 1 2 Gunslinging 1 | . 1 . . . . . . 1 Exploded 2 | . . 1 2 . . . 1 2 Melee 1 | . . 1 . 1 1 . 1 1 Uniques/NPCs Destroyed 1 | . . . . . 1 . . . KN-7UR (-8/Recycling) Combat | -11 -10 -10 -8 -8 -8 -8 -6 -6 -------- Run | Yrd Mat Sub Mat Sto Rec Scr Fac Gar Hostile Shots Fired 1198 | . 44 142 249 79 2 . 479 203 Missed 312 | . 11 46 66 18 . . 124 47 Damage Taken 14132 | . 326 1470 2898 698 177 . 5508 3055 Core 1334 | . 44 142 236 50 8 . 445 409 Absorbed by Shields 433 | . . . 129 116 54 . 134 . Redirected to Shielding 101 | . . . . . . . 101 . Regen/Repaired (Parts) 1639 | . . . 1330 133 . . 176 . Core Remaining (%) 57 | 100 . 25 . . . 46 . . Volleys Fired 405 | . 49 63 171 30 2 . 46 44 Largest 3 | . 2 2 3 2 3 . 2 2 Hottest 280 | . 112 100 260 180 280 . 160 134 Shots Fired 849 | . 98 111 387 85 6 . 77 85 Gun 504 | . 98 102 206 41 . . 10 47 Cannon 175 | . . . 68 8 . . 63 36 Launcher 5 | . . . 3 . . . . 2 Special 165 | . . 9 110 36 6 . 4 . Kinetic 302 | . . . 209 14 . . 41 38 Thermal 378 | . 46 9 166 71 6 . 35 45 Explosive 4 | . . . 3 . . . . 1 Electromagnetic 164 | . 52 102 9 . . . . 1 Robot Hit Streak 25 | . 15 25 15 7 6 . 9 22 Robot Miss Streak 14 | . 5 3 4 14 . . 10 4 Penetration Max 1 | . . . . . . . 1 . Secondary Targets 10 | . 6 1 1 . . . . 2 Max Gunslinging Chain 1 | . 1 1 1 . . . . 1 Autonomous 97 | . . . 32 38 . . 21 6 Shots Hit Robots 755 | . 64 89 249 100 12 . 142 99 Core Hits 354 | . 46 40 119 37 3 . 57 52 Critical Kills 4 | . . . 2 . . . 1 1 Critical Parts Destroyed 2 | . . . 2 . . . . . Critical Strikes 41 | . 3 3 10 6 1 . 14 4 Burn 15 | . 3 1 6 3 1 . 1 . Meltdown 2 | . . . . . . . 1 1 Destroy 4 | . . . 4 . . . . . Blast 2 | . . . . . . . 2 . Corrupt 1 | . . 1 . . . . . . Sever 17 | . . 1 . 3 . . 10 3 Melee Attacks 268 | . . 31 10 69 7 . 122 29 Impact . | . . . . . . . . . Slashing 257 | . . 31 2 67 7 . 121 29 Piercing . | . . . . . . . . . Sneak Attacks 41 | . . 2 3 26 4 . 6 . Combat Hostiles 3 | . . . 2 . 1 . . . Follow-up Attacks 28 | . . 2 . 9 . . 17 . Damage Inflicted 19845 | . 1023 1518 4575 3150 421 . 5735 3423 Guns 4970 | . 992 850 1925 377 . . 58 768 Cannons 3827 | . . . 1056 60 . . 1792 919 Explosions 1461 | . 31 69 706 . . . 342 313 Melee 8329 | . . 578 . 2448 375 . 3505 1423 Ramming . | . . . . . . . . . Kinetic 3780 | . . . 1898 104 . . 1161 617 Thermal 5408 | . 484 90 2032 598 46 . 1069 1089 Explosive 740 | . . . 483 . . . . 257 Electromagnetic 1588 | . 539 850 162 . . . . 37 Impact . | . . . . . . . . . Slashing 8329 | . . 578 . 2448 375 . 3505 1423 Piercing . | . . . . . . . . . Highest Corruption 10 | . . . 2 . . . 8 10 Average Corruption 4 | . . . 1 . . . 1 8 Corruption Purged 6 | . . . 2 . . . 4 . Corruption Blocked . | . . . . . . . . . Effects 73 | . . . 3 . . . 27 43 Message Errors 23 | . . . 1 . . . 10 12 Matter Fused 22 | . . . . . . . 5 17 Heat Flow Errors 6 | . . . 1 . . . 4 1 Energy Discharges 3 | . . . . . . . 2 1 Parts Fused 3 | . . . 1 . . . 1 1 Data Loss (minor) 9 | . . . . . . . 2 7 Data Loss (major) 2 | . . . . . . . 1 1 Misfires 3 | . . . . . . . 1 2 Weapon Failures 2 | . . . . . . . 1 1 Overload Shots 2 | . . . . . . . 2 . Effects 1 | . . . . . . . 1 . Short Circuit 1 | . . . . . . . 1 . Overflow Damage 936 | . . . 60 358 98 . 320 100 Projectiles 88 | . . . 21 24 4 . 39 . Explosions 158 | . . . 39 . . . 119 . Melee 690 | . . . . 334 94 . 162 100 Knockbacks 21 | . . . 4 . . . 8 9 Impact . | . . . . . . . . . Kinetic 19 | . . . 4 . . . 7 8 Secondary 2 | . . . . . . . 1 1 Self-Inflicted Damage 168 | . . 16 112 . . . . 40 Shots 6 | . . 1 4 . . . . 1 Rammed . | . . . . . . . . . Targets Rammed . | . . . . . . . . . Kicked . | . . . . . . . . . Crushed . | . . . . . . . . . Highest Temperature 460 | . 225 17 436 460 . . 402 134 Average Temperature 94 | . 61 6 106 102 . . 128 56 Received Heat Transfer 3801 | . 111 234 1068 243 81 . 1146 918 Effects 12 | . . . 7 . . . 5 . Shutdowns 3 | . . . 3 . . . . . Energy Bleed 2 | . . . 1 . . . 1 . Interference 7 | . . . 3 . . . 4 . Siege Activations . | . . . . . . . . . Robots Corrupted 2 | . . 2 . . . . . . Combat Hostiles 2 | . . 2 . . . . . . Parts Fried 13 | . . 9 4 . . . . . Impact Corruptions . | . . . . . . . . . Robots Melted 15 | . . 1 5 4 1 . 2 2 Combat Hostiles 13 | . . 1 5 2 1 . 2 2 Parts Melted 43 | . 5 . 13 16 1 . 7 1 Heat Transferred 18699 | . 1221 420 9450 3575 640 . 1685 1708 Parts Sabotaged . | . . . . . . . . . Parts Stolen . | . . . . . . . . . Parts Stripped . | . . . . . . . . . Power Chain Reactions 7 | . 1 1 4 . . . . 1 Alert | -11 -10 -10 -8 -8 -8 -8 -6 -6 ------- Run | Yrd Mat Sub Mat Sto Rec Scr Fac Gar Peak Influence 807 | . 283 . 807 425 56 . 488 744 Initial 340 | . . . 65 340 . . . 317 Average 197 | . 80 . 302 191 12 . 162 418 Maximum Alert Level 3 | . 1 . 3 2 . . 2 3 Low Security (%) 56 | . 89 . 41 44 100 . 59 . Level 1 29 | . 10 . 24 51 . . 29 71 Level 2 11 | . . . 26 4 . . 11 16 Level 3 2 | . . . 7 . . . . 12 Level 4 . | . . . . . . . . . Level 5 . | . . . . . . . . . High Security . | . . . . . . . . . Max Security . | . . . . . . . . . Squads Dispatched 27 | . 4 . 9 1 . . 13 . Investigation 5 | . 2 . 2 . . . 1 . Extermination 9 | . . . . . . . 9 . Reinforcement 10 | . 2 . 5 1 . . 2 . Assault 3 | . . . 2 . . . 1 . Garrison . | . . . . . . . . . Intercept . | . . . . . . . . . Searches Triggered . | . . . . . . . . . Construction Impeded 1 | . . . 1 . . . . . Haulers Reinforced . | . . . . . . . . . Active Scanning Responses . | . . . . . . . . . Cargo Convoy Interrupts . | . . . . . . . . . Stealth | -11 -10 -10 -8 -8 -8 -8 -6 -6 --------- Run | Yrd Mat Sub Mat Sto Rec Scr Fac Gar Distress Signals 11 | . . . 5 3 . . 3 . Communications Jammed . | . . . . . . . . . Distress Signals . | . . . . . . . . . Times Spotted 212 | . 26 24 66 25 2 . 48 21 Peak Tracking Total 10 | . 4 3 6 4 1 . 8 10 Tactical Retreats 23 | . 2 4 2 3 . . 10 2 Traps | -11 -10 -10 -8 -8 -8 -8 -6 -6 ------- Run | Yrd Mat Sub Mat Sto Rec Scr Fac Gar Traps Triggered 6 | . 1 . 1 1 . . 1 2 Indirectly . | . . . . . . . . . Trap Hack Attempts 163 | . . . 105 53 . . 5 . Triggered . | . . . . . . . . . Disarmed 3 | . . . . 3 . . . . Reprogrammed 8 | . . . 5 3 . . . . Reused 2 | . . . 1 . . . . 1 Traps Extracted . | . . . . . . . . . Installed 14 | . . 6 . 4 3 . . 1 Triggered 2 | . . . 1 . . . . 1 Most Traps Carried 3 | . . 2 . 1 . 2 . 3 Objects Rigged 6 | . . . . . . . 6 . Exploded 2 | . . . . . . . 2 . Machines | -11 -10 -10 -8 -8 -8 -8 -6 -6 ---------- Run | Yrd Mat Sub Mat Sto Rec Scr Fac Gar Machines Disabled 18 | . 2 1 2 4 . . 9 . Max in Single Turn 6 | . 1 1 1 1 . . 6 . Machines Repaired . | . . . . . . . . . Machines Dismantled . | . . . . . . . . . Machines Sabotaged . | . . . . . . . . . Overloaded Fab Kills . | . . . . . . . . . Hacking | -11 -10 -10 -8 -8 -8 -8 -6 -6 --------- Run | Yrd Mat Sub Mat Sto Rec Scr Fac Gar Machines Accessed 65 | . 7 2 16 13 11 7 9 . Terminals 36 | . 6 . 11 10 6 . 3 . Fabricators 1 | . . . . . . . 1 . Repair Stations 5 | . . . 2 2 . . 1 . Recycling Units 8 | . 1 . 1 1 3 . 2 . Scanalyzers 3 | . . . 2 . . . 1 . Garrison Access 1 | . . . . . . . 1 . Total Hacks 342 | . 18 12 95 47 61 53 56 . Successful 261 | . 7 12 68 30 53 53 38 . Failed 80 | . 10 . 27 17 8 . 18 . Catastrophic 6 | . 2 . 1 . . . 3 . Database Lockouts 1 | . 1 . . . . . . . Manual 153 | . 16 . 52 27 24 . 34 . Terminals 163 | . 15 . 52 41 25 . 30 . Fabricators 3 | . . . . . . . 3 . Repair Stations 33 | . . . 26 5 . . 2 . Recycling Units 27 | . 3 . 5 1 12 . 6 . Scanalyzers 26 | . . . 12 . . . 14 . Garrison Access 1 | . . . . . . . 1 . Terminal Hacks 115 | . 1 12 3 14 29 53 3 . Record 91 | . . 11 . 2 25 53 . . Part Schematic 2 | . . . . 2 . . . . Robot Schematic 1 | . . . . . 1 . . . Robot Analysis 2 | . 1 . 1 . . . . . Prototype ID Bank 2 | . . . . 1 1 . . . Open Door 3 | . . . . 3 . . . . Terminal Index 2 | . . . 1 . . . 1 . Alert Level 3 | . . . 1 2 . . . . Unreport Threat 5 | . . . . 3 . . 2 . Hauler Manifests 1 | . . . . . 1 . . . Registered Components 1 | . . . . . 1 . . . Zone Layout 1 | . . . . 1 . . . . Derelict Proto ID Bank 1 | . . 1 . . . . . . Fabricator Hacks 2 | . . . . . . . 2 . Load Schematic 1 | . . . . . . . 1 . Build 1 | . . . . . . . 1 . Repair Station Hacks 29 | . . . 22 5 . . 2 . Scan Component 15 | . . . 11 3 . . 1 . Repair 14 | . . . 11 2 . . 1 . Recycling Unit Hacks 8 | . . . 1 1 5 . 1 . Retrieve Matter 3 | . . . 1 . 1 . 1 . Retrieve Components 5 | . . . . 1 4 . . . Scanalyzer 24 | . . . 12 . . . 12 . Insert Component 12 | . . . 6 . . . 6 . Analyze 12 | . . . 6 . . . 6 . Garrison Access Hacks 1 | . . . . . . . 1 . Unlock Access 1 | . . . . . . . 1 . Unauthorized Hacks 82 | . 6 . 30 10 19 . 17 . Terminals 71 | . 5 . 29 10 13 . 14 . Track 4 | . . . 1 . 2 . 1 . Assimilate 12 | . . . 10 . . . 2 . Botnet 29 | . 4 . 9 7 6 . 3 . Detonate 1 | . . . . . . . 1 . Disrupt 6 | . . . 3 . 1 . 2 . Operators 3 | . . . 1 . . . 2 . Skim 16 | . 1 . 5 3 4 . 3 . Fabricators . | . . . . . . . . . Repair Stations 2 | . . . 1 . . . 1 . Mechanics 1 | . . . 1 . . . . . Recycling Units 9 | . 1 . . . 6 . 2 . Monitor 1 | . . . . . 1 . . . Reject 2 | . . . . . 1 . 1 . Recyclers 1 | . . . . . 1 . . . Mask 2 | . . . . . 1 . 1 . Tunnel 3 | . 1 . . . 2 . . . Fedlink 1 | . . . . . . . 1 . Scanalyzers . | . . . . . . . . . Garrison Access . | . . . . . . . . . Data Cores Recovered . | . . . . . . . . . Used . | . . . . . . . . . Hacking Detections 46 | . 7 . 16 9 7 . 7 . Full Trace Events 3 | . . . 2 . 1 . . . Feedback Events . | . . . . . . . . . Feedback Blocked . | . . . . . . . . . Robot Schematics Acquired 1 | . . . . . 1 . . . Robots Built . | . . . . . . . . . Authchips . | . . . . . . . . . Time . | . . . . . . . . . Total Robot Build Rating . | . . . . . . . . . Part Schematics Acquired 12 | . . . 4 2 . . 6 . Parts Built 1 | . . . . . . . 1 . Authchips 1 | . . . . . . . 1 . Time 25 | . . . . . . . 25 . Total Part Build Rating 1 | . . . . . . . 1 . Parts Repaired 14 | . . . 11 2 . . 1 . Time 563 | . . . 447 76 . . 40 . Parts Recycled . | . . . . . . . . . Recycled Matter . | . . . . . . . . . Retrieved Matter 147 | . . . . . 147 . . . Retrieved Components 29 | . . . . 10 19 . . . Parts Scanalyzed 10 | . . . 4 . . . 6 . Part Schematics Acquired 10 | . . . 4 . . . 6 . Parts Damaged 2 | . . . 1 . . . 1 . Bothacking | -11 -10 -10 -8 -8 -8 -8 -6 -6 ------------ Run | Yrd Mat Sub Mat Sto Rec Scr Fac Gar Used RIF Installer . | . . . . . . . . . Robots Hacked 2 | . . . 1 1 . . . . Non-combat 2 | . . . 1 1 . . . . Combat . | . . . . . . . . . Robot Hacks Applied 2 | . . . 1 1 . . . . no_distress 1 | . . . . 1 . . . . find_recycling 1 | . . . 1 . . . . . Relay Couplers Released 4 | . . . . . . . 4 . Programmers 4 | . . . . . . . 4 . Fabnet Peak Effective % . | . . . . . . . . . Robots Rewired 5 | . . . 5 . . . . . Allies Hacked 2 | . . . . . . . 2 . Hacks Repelled . | . . . . . . . . . Allies | -11 -10 -10 -8 -8 -8 -8 -6 -6 -------- Run | Yrd Mat Sub Mat Sto Rec Scr Fac Gar Total Allies 22 | . . . 7 10 . . 5 . Largest Group 11 | . . . 2 11 7 1 5 . Highest-Rated Group 244 | . . . 46 183 119 10 244 . Highest-Rated Ally 50 | . . . 36 29 29 10 50 . Total Orders 56 | . . . 10 28 7 2 9 . STAY 30 | . . . 5 15 4 1 5 . FOLLOW 25 | . . . 4 13 3 1 4 . DROP 1 | . . . 1 . . . . . Ally Attacks 111 | . . . 13 41 11 . 46 . Total Damage 1739 | . . . 163 545 134 . 897 . Kills 13 | . . . 1 5 1 . 6 . Allies Corrupted . | . . . . . . . . . Allies Melted . | . . . . . . . . . Intel | -11 -10 -10 -8 -8 -8 -8 -6 -6 ------- Run | Yrd Mat Sub Mat Sto Rec Scr Fac Gar Robot Analysis Total 2 | . 1 . 1 . . . . . Derelict Logs Recovered 2 | . . 1 . . . 1 . . Drone Launches . | . . . . . . . . . Drone Recoveries . | . . . . . . . . . Exploration | -11 -10 -10 -8 -8 -8 -8 -6 -6 ------------- Run | Yrd Mat Sub Mat Sto Rec Scr Fac Gar Turns Passed 59204 | . 3531 12356 9204 6882 3519 16793 5460 1459 Spaces Moved 17556 | 1 1125 5286 2242 1494 872 4764 1514 258 Core 3 | . . 1 . . . . 1 1 Treads 9982 | . 1121 1623 2061 1494 872 2020 779 12 Legs 4302 | 1 4 3662 133 . . . 502 . Wheels 3269 | . . . 48 . . 2744 232 245 Hover . | . . . . . . . . . Flight . | . . . . . . . . . Fastest Speed 100 | 120 120 140 245 317 330 100 140 140 Average Speed 282 | 120 283 198 316 319 330 333 314 220 Slowest Speed 4250 | 120 320 500 570 397 330 570 4250 2800 Overloaded Moves . | . . . . . . . . . Propulsion Burnouts . | . . . . . . . . . Robots Hopped . | . . . . . . . . . Cave-ins Triggered . | . . . . . . . . . Exploration Rate (%) 69 | 2 99 98 95 94 99 94 18 30 Regions Visited 8 Branch Regions 4 Pre-discovered Areas 10 | . 1 2 1 1 2 3 . . Known Exits Taken 4 | . . . . 1 1 1 1 . Unknown Exits Taken 4 | 1 1 1 1 . . . . . Scrap Searched 21 | . . 9 . . . 12 . . Spaces Dug 17 | . . . 14 . . . 3 . Terrain Destroyed 199 | . 3 2 75 4 . . 106 9 Melee 5 | . . . 2 . . . 3 . Projectile 46 | . . . 24 4 . . 16 2 AOE 148 | . 3 2 49 . . . 87 7 Terrain Rammed . | . . . . . . . . . Walls Destroyed . | . . . . . . . . . Machines Disabled . | . . . . . . . . . Actions | -11 -10 -10 -8 -8 -8 -8 -6 -6 --------- Run | Yrd Mat Sub Mat Sto Rec Scr Fac Gar Total 26140 | . 1382 7006 4002 3465 1499 5734 2004 1048 Wait 6626 | . 122 1442 1237 1669 582 750 190 634 Move 17548 | . 1124 5285 2241 1493 871 4763 1513 258 Hop . | . . . . . . . . . Pick Up 342 | . 39 67 47 30 10 98 38 13 Fast Attach 108 | . 6 16 25 18 1 15 16 11 Attach 118 | . 1 9 31 13 1 6 36 21 Detach 59 | . 1 6 16 14 1 5 12 4 Swap 120 | . 11 16 34 33 11 1 10 4 Drop 371 | . 29 59 70 54 11 96 39 13 Fire 405 | . 49 63 171 30 2 . 46 44 Melee 224 | . . 28 10 52 6 . 99 29 Ram . | . . . . . . . . . Kick . | . . . . . . . . . Crush . | . . . . . . . . . Escape Stasis 18 | . . . . 2 . . . 16 Rewire 15 | . . . 15 . . . . . Trap 177 | . . 6 105 57 3 . 5 1 Miscellaneous 9 | . . 9 . . . . . . Route ------- -11/Scrapyard -10/Materials (discovered 6 exits: [*Mat x3] / [*Min x2] / *Sub) -10/Subcaves (discovered 3 exits: *Mat x2 / *Rec) -8/Materials (discovered 5 exits: *Fac x3 / *Sto x2) -8/Storage (discovered 2 exits: *Fac / *Rec) -8/Recycling (discovered 2 exits: *Fac / *Scr) -8/Scraptown (discovered 2 exits: *Fac x2) -6/Factory (discovered 5 exits: *Fac x3 / *Low / Gar) -6/Garrison History --------- Turn | Location | Event 1 | -11/Scrapyard | Discovered new exit (range 0) 1 | -11/Scrapyard | Entered Materials 310 | -10/Materials | Build established: Mutant 621 | -10/Materials | Discovered new exit (range 13) 829 | -10/Materials | Discovered new exit (range 16) 1618 | -10/Materials | Central database locked down 1634 | -10/Materials | Discovered new exit (range 14) 2134 | -10/Materials | Discovered new exit (range 16) 2398 | -10/Materials | Discovered new exit (range 16) 3503 | -10/Materials | Discovered new exit (range 9) 3532 | -10/Materials | Entered Subcaves 3764 | -10/Subcaves | Shifting Twisted Machinery released Flamer 3832 | -10/Subcaves | Learned location of Zion (-6) 3832 | -10/Subcaves | Met a Zionite searching for "candidates" 5493 | -10/Subcaves | Discovered new exit (range 8) 5689 | -10/Subcaves | Core integrity fell below 50% 5721 | -10/Subcaves | Lost 3 parts (1p2u) 7111 | -10/Subcaves | Ambushed by angry Subdweller bent on revenge 8835 | -10/Subcaves | Shifting Twisted Machinery released Sub. Power Source 8903 | -10/Subcaves | Visited 4L-MR0's lab 8947 | -10/Subcaves | Found Arachnoskeleton 9214 | -10/Subcaves | Build established: Derelict-Mutant 9448 | -10/Subcaves | Discovered new exit (range 4) 10995 | -10/Subcaves | Visited Clippyterm 10999 | -10/Subcaves | Learned 40 Factory zone layouts 11718 | -10/Subcaves | Discovered new exit (range 8) 12741 | -10/Subcaves | Build established: Hauler-Mutant 15888 | -10/Subcaves | Entered Materials 15888 | -8/Materials | Evolved 4 slots: Utility x3, Weapon x1 16039 | -8/Materials | Discovered new exit (range 12) 17074 | -8/Materials | Build established: Tank 17166 | -8/Materials | Discovered new exit (range 9) 17286 | -8/Materials | Discovered new exit (range 16) 18049 | -8/Materials | Discovered new exit (range 16) 19007 | -8/Materials | Repaired Enh. Flamer 19049 | -8/Materials | Repaired Hvy. Armor Plating 19495 | -8/Materials | Build established: Mutant 20010 | -8/Materials | Repaired Broken Ripper 21140 | -8/Materials | Learned Factory trap positions 21198 | -8/Materials | Learned Factory trap positions 21247 | -8/Materials | Identified exit to Factory 21288 | -8/Materials | Learned location of Extension (-4) 21412 | -8/Materials | Learned location of 1 exit from Recycling 21472 | -8/Materials | Repaired Arm. Treads 21511 | -8/Materials | Repaired Adv. Treads 22323 | -8/Materials | Repaired Enh. Flamer 22363 | -8/Materials | Repaired Hvy. Armor Plating 22408 | -8/Materials | Repaired Slug Cannon 23088 | -8/Materials | First assault squad dispatched 24028 | -8/Materials | Repaired Enh. Flamer 24054 | -8/Materials | Build established: Derelict-Mutant 24067 | -8/Materials | Repaired Arm. Treads 24107 | -8/Materials | Repaired Adv. Treads 24650 | -8/Materials | Build established: Mutant 25092 | -8/Materials | Entered Storage 25092 | -8/Storage | Accompanied by 1 ally 25093 | -8/Storage | Identified exit to Recycling 26413 | -8/Storage | Learned location of Armory (-4) 28224 | -8/Storage | Repaired Enh. Flamer 28311 | -8/Storage | Build established: Derelict-Mutant 28556 | -8/Storage | Met 01-MTF 28931 | -8/Storage | Assisted by bots powering up and referring to "LRC-V3" 29151 | -8/Storage | Repaired Adv. Treads 29216 | -8/Storage | Build established: Commander-Mutant 29447 | -8/Storage | Core integrity fell below 50% 29593 | -8/Storage | Used back door to open Recycling access 31974 | -8/Storage | Entered Recycling 31974 | -8/Recycling | Accompanied by 8 allies (01-MTF) 31975 | -8/Recycling | Identified exit to Factory 31976 | -8/Recycling | Identified exit to Scraptown 34866 | -8/Recycling | Scanned before Scraplab entrance 34896 | -8/Recycling | Destroyed KN-7UR 34926 | -8/Recycling | Lost 4 allies 34962 | -8/Recycling | Found Relay Coupler [Proto] 35116 | -8/Recycling | Entered Scraplab 35463 | -8/Recycling | Build established: Mutant 35493 | -8/Recycling | Entered Scraptown 35493 | -8/Scraptown | Accompanied by 1 ally 35934 | -8/Scraptown | Visited UFD Registry 35934 | -8/Scraptown | Registered with UFD as "Hellcutter" 35977 | -8/Scraptown | Visited Scrapoid Research Area 36040 | -8/Scraptown | Visited Comm Corps 36169 | -8/Scraptown | Discovered exit to Factory (range 13) 37316 | -8/Scraptown | Build established: Hauler-Mutant 37378 | -8/Scraptown | Visited Bundlers 38010 | -8/Scraptown | Delivered Scrap Shield to a Scientist 38116 | -8/Scraptown | Visited Chapter 10 38147 | -8/Scraptown | Visited Derelict Rescue Squad 38177 | -8/Scraptown | Visited A0-MCA Data Center 38272 | -8/Scraptown | Visited Curators Association 38349 | -8/Scraptown | Visited Cartography Club 38369 | -8/Scraptown | Visited DA-N13 Charitable Foundation 38393 | -8/Scraptown | Found DCF Scrap (29 items) 38455 | -8/Scraptown | Visited Botcube Research 38866 | -8/Scraptown | Given a B- rating by A0-MCA 38868 | -8/Scraptown | Found A0-MCA's Component Scanner 38953 | -8/Scraptown | Visited LU-1G1's Boring Crew 39446 | -8/Scraptown | Visited The Evicted 39509 | -8/Scraptown | Visited Cyclists 39542 | -8/Scraptown | Entered Cyclist Reading Room 39600 | -8/Scraptown | Visited Cave Peace 39710 | -8/Scraptown | Visited Junk Repository 40429 | -8/Scraptown | Visited Scrapoid Pod Storage 40684 | -8/Scraptown | Found DRS Beacon 43755 | -8/Scraptown | Learned location of Proximity Caves (-5) 43755 | -8/Scraptown | Learned 8 Materials zone layouts 43755 | -8/Scraptown | Learned 8 Factory zone layouts 43755 | -8/Scraptown | Learned 8 Access zone layouts 43755 | -8/Scraptown | Learned 16 Upper Caves zone layouts 43755 | -8/Scraptown | Learned 20 Upper Caves zone layouts 43755 | -8/Scraptown | Learned location of 1 exit from Research 43755 | -8/Scraptown | Learned location of 2 exits from Lower Caves 43755 | -8/Scraptown | Learned location of 2 exits from Proximity Caves 43811 | -8/Scraptown | Found Deep Structural Scanner 43922 | -8/Scraptown | Build established: Mutant 44374 | -8/Scraptown | Build established: Hauler-Mutant 44607 | -8/Scraptown | Found Botcube 45512 | -8/Scraptown | Found Scrapoid Pod 47079 | -8/Scraptown | Scanned Subdweller tech in exchange for log data 47097 | -8/Scraptown | Learned Factory stockpile data 50221 | -8/Scraptown | Found Scrap Suit 52286 | -8/Scraptown | Entered Factory 52286 | -6/Factory | Accompanied by 1 ally 52286 | -6/Factory | Evolved 4 slots: Propulsion x1, Utility x3 52287 | -6/Factory | Identified exit to Factory 52288 | -6/Factory | Identified exit to Lower Caves 52289 | -6/Factory | Loaded intel: 83 trap records 52832 | -6/Factory | Build established: Hauler-Gladiator 53234 | -6/Factory | Attached Arachnoskeleton, gained temporary slots: Propulsion x3 53641 | -6/Factory | Lost 4 parts (3u1w) 54355 | -6/Factory | Build established: Gladiator 54628 | -6/Factory | Lost 3 parts (1p1n1w) 55140 | -6/Factory | Build established: Derelict-Gladiator 56188 | -6/Factory | Build established: Gladiator 56543 | -6/Factory | Fabricated Cargo Storage Unit? 56875 | -6/Factory | Scrapoid Pod released 06F07-D (x5) 56990 | -6/Factory | Lost 4 parts (2n1u1w) 57037 | -6/Factory | Found Prototype Device 57137 | -6/Factory | Lost 3 allies 57180 | -6/Factory | Found Scrap Suit 57339 | -6/Factory | Repaired Cld. Plasma Cannon 57359 | -6/Factory | Build established: Scavenger-Tank 57437 | -6/Factory | Identified exit to Garrison 57536 | -6/Factory | First assault squad dispatched 57558 | -6/Factory | Spotted B-75 Beast 57679 | -6/Factory | Core integrity fell below 50% 57689 | -6/Factory | Lost 4 parts (1p1u2w) 57746 | -6/Factory | Entered Garrison 57943 | -6/Garrison | Build established: Hauler-Mutant 58468 | -6/Garrison | Triggered checkpoint 58956 | -6/Garrison | Triggered checkpoint 58959 | -6/Garrison | Triggered checkpoint 58967 | -6/Garrison | Triggered checkpoint 59007 | -6/Garrison | Core integrity fell below 20% 59021 | -6/Garrison | Destroyed 7 combat bots 59052 | -6/Garrison | Lost 9 parts (1p2n1u5w) 59182 | -6/Garrison | System corruption reached 10% 59205 | -6/Garrison | Destroyed by G-50 Soldier with Heavy Laser Last Messages --------------- 59161_ Acquired Lgt. Nuclear Core. 59176_ Mak. Axe destroyed. 59181_ Slug penetrates G-50 Soldier. 59181_ Lgt. Fission Core destroyed. 59181_ System corrupted by crushing effect (+2). 59181_ Knocked back. 59182_ System corrupted: Arm. Wheel fused. 59187_ Cld. Plasma Cannon destroyed. 59189_ Arm. Wheel destroyed. 59191_ Slug penetrates B-48 Gladiator. 59193_ Critical hit (Burn: +37). 59196_ The unstable cave ceiling collapses. 59197_ Slug penetrates B-48 Gladiator. 59199_ Dropped Shrapnel Trap. 59199_ Installed Shrapnel Trap. 59199_ Gauss Rifle destroyed. 59203_ G-50 Soldier triggered Shrapnel Trap. 59203_ An expanding cloud of shrapnel blasts out in all directions. 59203_ G-50 Soldier destroyed. 59203_ B-48 Gladiator destroyed. Map ----- +----------------------------------------------------+ | ?????????????????????????????????????????????????? | | ?????????????????????????????????????????????????? | | ?????????????????????????????????????????????????? | | ?????????????????????????????????????????????????? | | ?????????????????????????????????????????????????? | | ??????????????????????????###????????????????????? | | ?????????????????????????? #????????????????????? | | ?????????????????????????? #????????????????????? | | ?????????????????????????# #????????????????????? | | ?????????????????????????# #????????????????????? | | ?????????????????????????#^ #????????????????????? | | ?????????????????????????#^ #????????????????????? | | ?????????????????????????# #????????????????????? | | ?????????????????????????# #######??????????????? | | ?????????????????????????# ## #??????????????? | | ????????????????????????## ## ##########?????? | | ???????????????# ####### ??????? | | ????????????????? ??????? | | ????????????????????? ????????? | | ????????????????????????# ## ## #?????????? | | ??????????????????????### ## ## #?????????? | | ??????????????????????#%* "?????????? | | ??????????????????????# %* "?????????? | | ??????????????????????#=g= "?????????? | | ??????????????????????# !! "?????????? | | ??????????????????????###@ # ##^ ^#?????????? | | ??????????????########### = # ^^########### | | ??????????????# ^^ ![= ^ # | | ??????????????# ^ = # | | ??????????????# ######## [[! ######## # | | ????????????????????????## # ###;##??????# [# | | ?????????????????????????# ### % #?? #???????# =" | | ?????????????????????????# #?######???#???????# =# | | ?????????????????????????# #??????????????????# # | | ????????????????????????? #????????????????? + # | | ?????????????????????????###????????????????### # | | ??????????????????????????????????????????????# # | | ??????????????????????????????????????????????# # | | ??????????????????????????????????????????????# # | | ??????????????????????????????????????######### # | | ??????????????????????????????????????# # | | ??????????????????????????????????????# ####### # | | ??????????????????????????????????????# #?????# | | ??????????????????????????????????????# ###???# | | ??????????????????????????????????????#===######## | | ??????????????????????????????????????# "]/[ #? | | ??????????????????????????????????????# *[#######? | | ??????????????????????????????????????#=###??????? | | ??????????????????????????????????????#[#????????? | | ??????????????????????????????????????# #????????? | +----------------------------------------------------+ Best States ------------- Heat Dissipation 85 Energy Generation 19 Energy Capacity 315 Matter Stores 445 Matter Capacity 550 Sight Range 22 Terrain Scan Density 10 Corruption Containment 8 Armor Coverage 1400 Core Shielding 20 Propulsion Shielding 66 Melee Speed Boost 20 Evasion (%) 55 Targeting Accuracy 20 Melee Accuracy 14 Recoil Reduction 3 Salvage Targeting 4 Offensive Hacking 10 Defensive Hacking 12 Authchip Count 1 Item Schematics ----------------- Ripper | -8/Materials | Scanalyzed Adv. Targeting Computer | -8/Materials | Scanalyzed Hpw. Tractor Beam | -8/Materials | Scanalyzed Adv. Visual Processing Unit | -8/Materials | Scanalyzed Cargo Storage Unit | -8/Storage | Hacked Blade Saw | -8/Storage | Hacked Cld. Plasma Cannon | -6/Factory | Scanalyzed Magnetic Acceleration Cannon | -6/Factory | Scanalyzed Adv. EMP Blaster | -6/Factory | Scanalyzed Mapping Drone Bay | -6/Factory | Scanalyzed Enh. Flamer | -6/Factory | Scanalyzed Weapon Mount | -6/Factory | Scanalyzed Robot Schematics ------------------ S-10 Pest | -8/Recycling | Hacked Fabricated ------------ Cargo Storage Unit | x1 | -6/Factory | Authchip Alien Tech Used ----------------- None Achievements -------------- None Challenges ------------ None Game ------ Seed CarbideExperimentalBrace Manual? 0 Play Time 05:10:20 Cumulative 147.3 hours Start 2024.11.26 @ 11:51:49 End 2024.11.27 @ 11:56:12 Sessions 35 Manual Loads 0 Difficulty Rogue Special Mode None Game No. 276 Rogue 276 Adventurer 0 Explorer 0 Win Type - Total 0 Types 0/0/0/0/0/0/0/0/0 Lore% 45 Gallery% 41 Achievement% 36 Wizard Run 0 Options --------- Layout 0 ASCII 0 Keyboard 0 Movement Mouse Keybinds 0 Fullscreen 1 Font 24/Smallcaps Map View 91x25 Zoom Use 90% Tactical HUD 1 Map Filters NONE Filters NONE Steam 1 RUN: 89af8018-853b-49e3-a055-b9c514d132dd